[Event "WR Chess Masters 2023"]
[Site "Duesseldorf"]
[Date "2023.02.16"]
[Round "1.1"]
[White "Nepomniachtchi, Ian"]
[Black "Abdusattorov, Nodirbek"]
[Result "1/2-1/2"]
[ECO "A57"]
[WhiteElo "2793"]
[BlackElo "2734"]
[Annotator "TA"]
[PlyCount "37"]
[EventDate "2023.02.16"]
[EventCountry "GER"]
[SourceTitle "playchess.com"]
[Source "ChessBase"]
[SourceQuality "1"]
[TimeControl "40/7200:20/3600:900+30"]

1. d4 Nf6 2. c4 c5 3. d5 b5 4. cxb5 a6 5. e3 e6 6. Nc3 exd5 7. Nxd5 {[%emt 0:04:02] A57: Benko/Volga Gambit.} Be7 {[%emt 0:00:16] [#]} (7... Bb7 $14 8. Nxf6+ Qxf6) 8. Nf3 (8. b6 $6 Nxd5 9. Qxd5 Nc6 $11) ({White should try} 8. Nxf6+ $1 $16 gxf6 9. Qf3) 8... O-O $14 {[%emt 0:02:42] [#]} 9. b3 $146 {[%emt 0:13:11] White has more active pieces.} ({Much weaker is} 9. b6 Nxd5 10. Qxd5 Qxb6 $11) (9. Nxe7+ $14 Qxe7 10. a4) ({Predecessor:} 9. bxa6 Nxa6 10. Nxe7+ Qxe7 11. Be2 d5 12. O-O Bf5 13. b3 Nb4 14. a3 Bc2 15. Qd2 {0-1 Ivic,V (2614)-Christiansen,J (2501) Wch Blitz Almaty 2022 (15)}) 9... Nxd5 $1 $11 10. Qxd5 Qb6 {[%emt 0:00:08][%cal Oe7f6] Black is weak on the light squares} 11. Bb2 {[%emt 0:02:56] Against Bf6. Hoping for Bd3.} ({And not} 11. Qxa8 Bb7 $17) (11. a4 {simplifies} Bb7 12. Qd1 Bf6 13. Ra2) 11... Bb7 12. Qf5 {[%emt 0:02:35] And now Bd3 would win.} ({Not} 12. Qe5 $2 Bf6 13. Qf5 Bxb2 $19) (12. Qh5 $5 ) 12... axb5 {[%emt 0:08:48][%cal Oc5c4] The position is equal.} 13. Bd3 {[%emt 0:01:28][%csl Gd3][%cal Rf5h7] [#]} g6 $1 14. Qe5 f6 $1 15. Qxe7 {[%emt 0:13:53][%cal Of3g5] White threatens Ng5! and mate.} Rf7 16. Qe8+ Rf8 17. Qe7 {[%emt 0:00:20][%cal Of3g5] White wants to mate with Ng5!} Rf7 18. Qe8+ Rf8 19. Qe7 {[%emt 0:00:18] Weighted Error Value: White=0.21 (precise) /Black=0.06 (flawless)} 1/2-1/2

[Event "WR Chess Masters 2023"]
[Site "Duesseldorf"]
[Date "2023.02.16"]
[Round "1.2"]
[White "So, Wesley"]
[Black "Duda, Jan-Krzysztof"]
[Result "1-0"]
[ECO "E04"]
[WhiteElo "2766"]
[BlackElo "2729"]
[Annotator "TA"]
[PlyCount "95"]
[EventDate "2023.02.16"]
[EventCountry "GER"]
[SourceTitle "playchess.com"]
[Source "ChessBase"]
[SourceQuality "1"]
[TimeControl "40/7200:20/3600:900+30"]

1. Nf3 d5 2. g3 Nf6 3. Bg2 c5 4. O-O Nc6 5. d4 e6 6. c4 dxc4 7. Qa4 Bd7 8. Qxc4 cxd4 9. Nxd4 Rc8 10. Nc3 Nxd4 11. Qxd4 Bc5 12. Qh4 Bc6 13. Rd1 Qb6 {[%emt 0:15:12] 13...Qa5 is the fancy move. E04: Open Catalan: 5 Nf3.} (13... Qa5 $14) 14. Bxc6+ $16 Rxc6 {[%emt 0:02:24] [#]} (14... Qxc6 $16 15. Bh6 O-O) 15. Bh6 $1 $18 {[%emt 0:00:48][%cal Bc1h6,Bh6e3,Be3d4][%mdl 608] Deflection} Bf8 {[%emt 0:02:49] White is clearly better.} (15... Qxb2 $2 16. Bxg7 Be7 17. Rab1 $18) (15... gxh6 16. Qxf6) 16. Rd3 Nd5 (16... gxh6 $2 17. Qxf6 Rg8 18. Rad1 $18) (16... e5 $142) 17. Nxd5 exd5 18. Be3 $40 {[%emt 0:02:51][%mdl 128] [#] White attacks with force.} Qxb2 $146 (18... Be7 {is a better defense.}) ({Predecessor:} 18... Bc5 19. Bxc5 Qxc5 20. Re3+ Kd7 21. Qg4+ Kc7 22. Qxg7 Rf8 23. Rd1 a6 24. Red3 {1-0 Izzat,K (2496)-Sukandar,I (2393) Adelaide Lidums GM 2018 (4)}) 19. Bd4 Qb4 (19... Rc1+ $2 20. Kg2 Qxe2 21. Re3+ $18) 20. Rb3 (20. Bxa7 Qxh4 21. gxh4 Rg6+ 22. Kh1 Ra6 $14) 20... Qe7 21. Qxe7+ (21. Bxa7 Qxh4 22. gxh4 Rc7 $16) 21... Kxe7 22. Rxb7+ (22. Bxa7 Ke6 23. Rxb7 Bc5 $16) 22... Ke6 23. Rb8 (23. Rxa7 $6 Bd6 24. Bxg7 Rb8 $18) 23... h5 24. Rab1 (24. Bxa7 g6 $16) 24... h4 25. Kg2 (25. Bxa7 f6 26. a4 g5 $18) 25... Kf5 26. Kf3 (26. Bxa7 g5 27. Rd8 h3+ 28. Kf1 f6 $18) 26... hxg3 27. hxg3 Rc4 28. e3 (28. Bxa7 g5 29. Rd8 g4+ 30. Kg2 Ra4 $18) 28... Rc2 29. R1b5 (29. Bxa7 Rh2 30. Rf1 (30. Rxf8 $2 Rhxf2#) (30. g4+ Kg5 $14) 30... Bd6 $16) 29... Kg6 30. Rxd5 ({Not} 30. Bxa7 Rh2 31. e4 (31. Rxf8 Rhxf2+ 32. Kg4 f5+ $17) 31... dxe4+ 32. Kxe4 Rxa2 $14) 30... Rxa2 31. Rdd8 Rh2 32. Rxf8 Raxf2+ 33. Ke4 f6 34. Rb7 ({Resist} 34. Bxa7 Rh3 35. Rb7 Rxg3 $18) 34... a6 35. Ra8 Ra2 (35... Rh7 $142 36. Rxa6 Rh8) 36. Raa7 Rh7 37. Kf3 Ra5 38. Rb6 Rg5 39. Kg2 {[%emt 0:01:43] Repels Rh3} a5 $2 (39... Rd5 40. Rbxa6 Rhh5) 40. e4 {[%emt 0:00:00] White is clearly winning.} Rg4 41. Kf3 Rg5 42. Be3 Re5 43. Bf4 Rc5 44. e5 Rh8 45. Rba6 Rd8 46. exf6 (46. Rxa5 Rxa5 47. Rxa5 fxe5 48. Ra6+ Kh5 49. g4+ Kh4 50. Bxe5 Rd3+ 51. Ke4 Rd7) 46... gxf6 47. Rxa5 Rc3+ 48. Kg4 {[%emt 0:00:27] Black got outplayed after the opening.   Weighted Error Value: White=0.17 (very precise) /Black=0.44} 1-0

[Event "WR Chess Masters 2023"]
[Site "Duesseldorf"]
[Date "2023.02.16"]
[Round "1.3"]
[White "Giri, Anish"]
[Black "Gukesh D"]
[Result "1/2-1/2"]
[ECO "E49"]
[WhiteElo "2780"]
[BlackElo "2718"]
[Annotator "TA"]
[PlyCount "164"]
[EventDate "2023.02.16"]
[EventCountry "GER"]
[SourceTitle "playchess.com"]
[Source "ChessBase"]
[SourceQuality "1"]
[TimeControl "40/7200:20/3600:900+30"]

1. d4 d5 2. c4 e6 3. Nc3 Bb4 4. e3 Nf6 5. a3 Bxc3+ 6. bxc3 c6 7. Bd3 {[%emt 0:02:34] 7.a4 deserves study.} O-O 8. Ne2 {[%emt 0:02:51] E49: Nimzo-Indian: Rubinstein: 5 Bd3 d5 6 a3 Bxc3+ 7 bxc3.} e5 9. dxe5 {[#]} Ng4 $146 (9... dxc4 {seems wilder.} 10. exf6 Qxd3 11. Qxd3 cxd3 12. fxg7 Rd8) ({Predecessor:} 9... dxc4 10. exf6 Qxd3 11. Qxd3 cxd3 12. fxg7 Rd8 13. Nf4 Na6 14. f3 Nc5 15. Rb1 b5 {½-½ Yang,D (2481)-Dragun,K (2585) USA-chT College final 2019 (2.2)}) 10. cxd5 {[%emt 0:14:11] White is slightly better.} Nxe5 11. e4 f5 12. O-O (12. Bc2 $16) 12... Nxd3 $11 {[%emt 0:19:52][%mdl 64] Remove Defender} 13. Qxd3 fxe4 14. Qxe4 cxd5 15. Qd3 Bf5 16. Qg3 Nc6 17. Be3 Qe8 18. Rad1 Qf7 19. Rd2 {[%emt 0:10:17] Black is weak on the dark squares} Rad8 20. Rfd1 Rd7 21. Nd4 Bg6 22. Nxc6 bxc6 {[%emt 0:00:02] [#]} 23. c4 $1 Bh5 (23... Re8 24. cxd5) 24. f3 Re8 25. Bf2 Bg6 26. cxd5 cxd5 27. h3 h6 28. Rc1 Kh7 29. Bd4 Bf5 30. Kh2 Re6 31. Rc8 {[%emt 0:01:51] Threatens to win with Qb8.} Re8 32. Rxe8 Qxe8 33. Rb2 Qg6 34. Qe5 Bd3 35. a4 Bc4 36. a5 Qf7 37. Rb8 Re7 38. Qg3 Rb7 ({Black should play} 38... a6 $14) 39. Rc8 a6 40. Qd6 Qe7 41. Qc6 {[%emt 0:14:06] White is much more active.} (41. Qxe7 {simplifies} Rxe7 42. g4 Bb5 43. Kg3) 41... Qf7 42. Qd6 {[%emt 0:03:46] Wards off Qf4+} (42. Kg3 $14) 42... Qe7 $1 $16 {[%emt 0:00:06] [#]} 43. Qxe7 Rxe7 {[%emt 0:00:03][%mdl 4096] Endgame [#] KRB-KRB} 44. g4 $1 Rf7 45. Kg3 g5 (45... Bb5 $16 {is a better defense.} 46. Rd8 g5) 46. Rh8+ Kg6 47. Re8 {[%emt 0:00:14] Repels Be2} Kh7 48. Re6 Bb5 {[%emt 0:14:27] Repels Re8} 49. Be5 (49. Be3 $16) 49... Rd7 $1 $11 50. Bd4 ({Better is} 50. Bc3 $11) 50... Rf7 $16 51. Re3 Kg6 52. Re5 Bc4 53. Re6+ Kh7 54. Re3 Kg6 55. h4 gxh4+ 56. Kxh4 Rf4 57. Be5 d4 58. Ra3 (58. Bxf4 {simplifies} dxe3 59. Bxe3 Kg7 60. f4) 58... Rf7 59. Bxd4 Bd5 60. Kg3 h5 61. Rc3 hxg4 62. fxg4 Rd7 63. Be3 Kf6 64. Rc1 Ke6 65. Bb6 Rf7 66. Re1+ Kd6 67. Kh4 Be6 68. Kg5 Rf3 69. Rd1+ Kc6 70. Rc1+ Kd5 71. Rc5+ Kd6 72. Rc2 Kd5 73. Rd2+ Kc6 74. Re2 Kd7 75. Rd2+ Kc6 76. Rc2+ Kd5 $1 77. Bc7 Rf8 78. Rd2+ Kc4 79. Rd6 (79. Rg2 $16) 79... Rg8+ $11 {[%emt 0:00:20] The position is equal.} 80. Kf6 Bxg4 81. Rxa6 Rc8 82. Ra7 Kb5 {[%emt 0:00:30] Weighted Error Value: White=0.13 (very precise) /Black=0.10 (very precise)} 1/2-1/2

[Event "WR Chess Masters 2023"]
[Site "Duesseldorf"]
[Date "2023.02.16"]
[Round "1.4"]
[White "Aronian, Levon"]
[Black "Praggnanandhaa R"]
[Result "1-0"]
[ECO "A20"]
[WhiteElo "2736"]
[BlackElo "2690"]
[Annotator "TA"]
[PlyCount "99"]
[EventDate "2023.02.16"]
[EventCountry "GER"]
[SourceTitle "playchess.com"]
[Source "ChessBase"]
[SourceQuality "1"]
[TimeControl "40/7200:20/3600:900+30"]

1. c4 e5 2. g3 c6 3. d4 e4 4. d5 Bb4+ 5. Bd2 Qe7 6. Nh3 {[%emt 0:03:27] A20: English Opening: 1...e5.} Nf6 7. Nc3 cxd5 8. Nf4 {[%emt 0:05:35] [#] The position is equal.} (8. cxd5 {simplifies} O-O 9. Bg2 d6 10. Nxe4 Bxh3 11. Nxf6+ Qxf6 12. Bxh3 Qxb2 13. Bxb4 Qxb4+ 14. Qd2) 8... Bxc3 $146 ({Predecessor:} 8... dxc4 9. Nfd5 Nxd5 10. Nxd5 Bxd2+ 11. Qxd2 Qd8 12. Bg2 O-O 13. Bxe4 d6 14. Rc1 Nd7 15. Rxc4 {1-0 Shankland,S (2709)-Robson,R (2681) American Cup Elim rapid 2022 (1.4)}) 9. Bxc3 dxc4 10. e3 Nc6 11. g4 h6 (11... Ne5 $5) 12. Bxc4 d6 13. Rg1 Bd7 14. Nd5 Nxd5 15. Qxd5 (15. Bxd5 {seems wilder.} Be6 16. Bxg7 Rg8 17. Bxh6 Ne5 18. Bxe4 d5 19. Bh1) 15... O-O-O (15... Rd8 $11 {remains equal.}) 16. Qxf7 $16 {[%emt 0:02:24] White has more active pieces. The black rooks are badly placed.} (16. Bxg7 Rhg8 17. Bc3 (17. Bxh6 $2 Qf6 $19) 17... Be6 $17) 16... Qxf7 17. Bxf7 Ne5 18. Bxe5 dxe5 19. Bd5 $1 Bc6 20. Bxc6 bxc6 {[%emt 0:00:02][%mdl 4096] Endgame KRR-KRR} 21. Rc1 Rd6 22. Ke2 Rhd8 23. Rc2 {[%emt 0:00:14] Inhibits Rd2+.} g5 24. Rgc1 Kb7 25. b3 Rd5 26. Ke1 (26. Rxc6 $6 Rd2+ 27. Ke1 Rxa2 $16) 26... R8d6 27. Rc4 Rd3 28. R1c2 ({But not} 28. Rxe4 Rd2 $16) (28. h3 $142) 28... Rd1+ 29. Ke2 {[%emt 0:00:04][%cal Oc4c6] aiming for Rxc6!} Rh1 30. Rxe4 Rd5 (30... Rf6 $16 {was necessary.}) 31. Rec4 Rd6 {[%emt 0:01:02] [#]} 32. Rb4+ $1 Kc7 {[%emt 0:01:11] [#]} 33. Rb5 (33. Rc5 $1 $16 ) 33... Re6 (33... Rf6 $1 $14) 34. Ra5 Rxh2 (34... Rf6 $16 {was called for.}) 35. Rxa7+ $18 Kb6 36. Rf7 e4 37. a4 Rh1 38. b4 {[%emt 0:00:50] a5+ is the strong threat.} Ra1 39. a5+ Kb5 40. Rb7+ Ka4 41. Rb6 {[%emt 0:02:15] And now b5 would win.} Rd6 $2 (41... Kb3 42. Rd2 Re7 43. Rxc6 Rh7) 42. Rd2 (42. Rcxc6 Rdd1 43. Rc4 (43. Rxh6 $2 {gets mated.} Re1+ 44. Kd2 Kb3 45. Rh8 Rad1#) 43... Re1+ 44. Kd2 Red1+ 45. Ke2 Re1+ 46. Kd2 Red1+ 47. Ke2 $11) 42... Rxd2+ 43. Kxd2 {[%emt 0:00:05] KR-KR} c5 44. bxc5 {[%emt 0:00:38] White threatens a6 and mate.} Kxa5 45. Kc3 Ra2 46. Rf6 $2 (46. Rb2 Rxb2 47. Kxb2) 46... Ra4 47. Rb6 $2 (47. c6 Kb5 48. Rxh6 (48. Kb3 Rb4+ 49. Kc3 Rc4+ 50. Kd2 Rxc6 $16)) 47... Ra2 48. Rb2 Rxb2 49. Kxb2 Kb5 50. Kb3 {[%emt 0:00:06] Weighted Error Value: White=0.29 (precise) /Black=0.47} 1-0

[Event "WR Chess Masters 2023"]
[Site "Duesseldorf"]
[Date "2023.02.16"]
[Round "1.5"]
[White "Esipenko, Andrey"]
[Black "Keymer, Vincent"]
[Result "1-0"]
[ECO "E04"]
[WhiteElo "2675"]
[BlackElo "2690"]
[Annotator "TA"]
[PlyCount "201"]
[EventDate "2023.02.16"]
[EventCountry "GER"]
[SourceTitle "playchess.com"]
[Source "ChessBase"]
[SourceQuality "1"]
[TimeControl "40/7200:20/3600:900+30"]

1. d4 Nf6 2. c4 e6 3. Nf3 d5 4. g3 dxc4 5. Bg2 c6 6. O-O b5 7. a4 Bb7 8. Ne5 a6 9. b3 cxb3 10. Qxb3 Qxd4 11. Bb2 Qb4 12. Qc2 (12. Qxb4 {simplifies} Bxb4 13. axb5 axb5 14. Rxa8 Bxa8 15. Na3) 12... Qc5 $1 13. Qd3 Be7 14. Nd2 Nd5 (14... Qb6 $11) 15. Rfc1 Qb6 16. Nec4 $1 (16. e4 Nf6 17. Nb3 O-O $17) 16... bxc4 17. Nxc4 Nb4 (17... Qd8 $16) 18. Qb1 Qc5 19. Bxg7 Rg8 20. Qxh7 (20. Ne5 $18 Qxc1+ 21. Qxc1 Rxg7 22. Qh6) 20... Rxg7 $16 21. Qxg7 Nd7 22. Qh8+ Bf8 23. a5 $1 Rb8 24. Rab1 Bc8 25. Rb2 Qg5 $2 (25... Kd8 $16) 26. Rd2 $2 (26. Rd1 Qf6 27. Qg8 Qg7 28. Nd6+ Kd8 29. Qxf7 (29. Nxf7+ Ke7 $17) 29... Qxf7 30. Nxf7+ Ke8 $16) (26. Nd6+ $18 {and the rest is easy.} Ke7 27. Rd1) 26... Nd5 $2 (26... Ke7 $16 {might work better.}) 27. e4 (27. Bxd5 $142 $1 exd5 28. Nd6+ Ke7 29. Rxc6 (29. f4 Qf6 $15)) 27... Qh6 $18 28. Qa1 (28. Qg8 $18 Ke7 29. h4 (29. exd5 cxd5 30. Qg4 Rb4 $16 {[%mdl 64] Pin})) 28... N5f6 29. Nd6+ (29. Rb2 $16) 29... Bxd6 $11 30. Rxd6 c5 $1 31. Rb1 Rb4 $2 (31... Rxb1+ $1 $11 32. Qxb1 Qh5) 32. Rxb4 $1 $16 cxb4 33. Rc6 Kd8 (33... Bb7 $2 34. Rc7 $18) 34. Qb2 ({But not} 34. Qd4 $6 Bb7 35. Rc4 Ng4 $11) (34. Rc4 $16) 34... Ng4 35. h3 Qf6 $2 (35... Nge5 $11 {and Black stays safe.} 36. Rc2 Nd3) 36. Rc2 Qxb2 37. Rxb2 Nge5 38. Rxb4 Nc6 39. Ra4 $1 e5 40. f3 Ke7 41. Bf1 Nc5 42. Ra3 Be6 (42... Ne6 $16 43. Kf2 Ned4) 43. h4 Nd4 44. Kf2 Bb3 45. Ra1 $1 Bc2 46. g4 Kf6 47. Kg3 Kg6 48. Re1 Ncb3 49. Bxa6 Nxa5 50. f4 exf4+ 51. Kxf4 Ne6+ 52. Ke3 Nb3 53. Bc4 Nbd4 54. Rf1 Ba4 55. g5 Bb5 56. Rf6+ $1 Kg7 57. Bxb5 Nxb5 {[%emt 0:00:05] [#]} 58. h5 $1 Nf8 (58... Nd6 $142) 59. Rc6 (59. h6+ $16 Kg8 60. Rb6) 59... Ne6 $1 $14 {[%emt 0:00:51] [#]} 60. g6 ({White should try} 60. Ra6 $1 $16) 60... Nbc7 $11 61. gxf7 Kxf7 62. e5 Nd5+ 63. Ke4 Ne7 64. Rd6 (64. Ra6 $5) 64... Nc8 65. Rd1 Ne7 66. Rf1+ Kg7 67. h6+ Kg8 $1 68. Rf6 Ng5+ 69. Kf4 Nh7 70. Rd6 Kf7 71. Kg4 Ke8 72. Kh5 Kf7 73. Ra6 Nf8 74. Rb6 Nh7 75. Rd6 Nf8 76. Kg5 Nh7+ 77. Kg4 Nf8 $2 (77... Kg8 $11 78. Rb6 Kf7) 78. Ra6 $2 (78. Rf6+ $18 Kg8 79. Rd6) 78... Nh7 $11 79. Kf4 Nf8 80. Ke4 Ne6 81. Ra7 (81. h7 $5 Ng5+ $8 82. Kf4 Nxh7 83. Kg4 $11) 81... Ng5+ 82. Kf4 Nh7 83. Ra6 Nf8 84. Kg5 Nh7+ 85. Kh5 Nf8 86. Rf6+ Kg8 87. Rf1 Nc6 $1 88. Rf5 (88. Rg1+ Kh8 $16) 88... Nd7 $2 (88... Nb8 $11) 89. e6 $18 Nf8 90. Rc5 Ne7 91. Rc7 Nd5 92. Rg7+ Kh8 93. e7 Nxe7 94. Rxe7 Kg8 95. Kg5 Nh7+ 96. Kf5 Nf8 97. Rg7+ Kh8 98. Rf7 Kg8 99. Kf6 Nh7+ 100. Kg6 Nf8+ 101. Rxf8+ 1-0

[Event "WR Chess Masters 2023"]
[Site "Duesseldorf"]
[Date "2023.02.17"]
[Round "2.1"]
[White "Giri, Anish"]
[Black "So, Wesley"]
[Result "1/2-1/2"]
[ECO "E42"]
[WhiteElo "2780"]
[BlackElo "2766"]
[Annotator "TA"]
[PlyCount "57"]
[EventDate "2023.02.16"]
[EventCountry "GER"]
[SourceTitle "playchess.com"]
[Source "ChessBase"]
[SourceQuality "1"]
[TimeControl "40/7200:20/3600:900+30"]

1. d4 Nf6 2. c4 e6 3. Nc3 Bb4 4. e3 c5 5. Nge2 d5 6. cxd5 Nxd5 {[%emt 0:03:14] E42: Nimzo-Indian: Rubinstein: 4...c5 5 Ne2.} 7. a3 Nxc3 8. Nxc3 Ba5 9. dxc5 {[%emt 0:00:52] Black must now prevent Qc2.} Bxc3+ 10. bxc3 Qxd1+ 11. Kxd1 Nd7 {[%emt 0:00:04] [#] The position is equal.} 12. c6 $1 Ne5 {[%emt 0:00:08] [#]} 13. a4 $146 ({Predecessor:} 13. c7 Kd7 14. e4 Kxc7 15. Bf4 f6 16. h4 Bd7 17. Rh3 Bc6 18. Rg3 Rhg8 19. f3 {1-0 Aleksandrov,A (2612)-Vaibhav,S (2448) Chennai op 4th 2012 (7)}) 13... Nxc6 14. a5 e5 15. e4 Be6 {[%emt 0:18:57] Wards off Bc4} 16. Be3 O-O 17. Kc2 Rac8 18. Kb2 Rfd8 19. Be2 f6 20. Rhd1 Rxd1 21. Bxd1 Kf7 22. Be2 Ke7 23. h4 a6 24. Bc5+ Ke8 25. g3 Nd8 26. Bb4 Nc6 27. Bc5 Nd8 28. Bb4 Nc6 29. Bc5 {[%emt 0:05:19] Not much happened in this game.   Weighted Error Value: White=0.06 (flawless) /Black=0.02 (flawless)} 1/2-1/2

[Event "WR Chess Masters 2023"]
[Site "Duesseldorf"]
[Date "2023.02.17"]
[Round "2.2"]
[White "Abdusattorov, Nodirbek"]
[Black "Esipenko, Andrey"]
[Result "1-0"]
[ECO "E46"]
[WhiteElo "2734"]
[BlackElo "2675"]
[Annotator "TA"]
[PlyCount "81"]
[EventDate "2023.02.16"]
[EventCountry "GER"]
[SourceTitle "playchess.com"]
[Source "ChessBase"]
[SourceQuality "1"]
[TimeControl "40/7200:20/3600:900+30"]

1. d4 Nf6 2. c4 e6 3. Nc3 Bb4 4. e3 O-O 5. Bd2 b6 6. Bd3 d5 {[%emt 0:00:30] E46: Nimzo-Indian: Rubinstein: 4 e3 0-0 5 Ne2 without early Bd3.} 7. cxd5 exd5 8. Nf3 Re8 {[%emt 0:03:03] The position is equal.} 9. Rc1 Bf8 10. O-O Bb7 11. Ne5 c5 12. f4 Nc6 13. Ne2 Ne4 14. Ng3 {[%emt 0:03:43] [#]} Nxd2 $146 (14... Nxe5 $11 {and Black is okay.} 15. fxe5 Nxd2 16. Qxd2 g6) ({Predecessor:} 14... Nxe5 15. fxe5 Qd7 16. Nh5 Rac8 17. Bc3 cxd4 18. exd4 b5 19. Qf3 b4 20. Bxb4 Rxc1 21. Rxc1 Bxb4 22. Nxg7 {0-1 Rakhmanov,A (2640)-Yoo,C (2535) Chess.com Rapid Wk16 Swiss 2022 (9)}) 15. Bxh7+ $18 {[%emt 0:00:07][%mdl 64] Decoy} Kxh7 16. Qh5+ Kg8 17. Qxf7+ Kh8 18. Ng6+ (18. Qh5+ Kg8 19. Qf7+ Kh8 20. Qh5+ Kg8 21. Qf7+ $11) 18... Kh7 {[%emt 0:00:09] [#]} 19. Nh5 {[%emt 0:00:15] Dodges Qf6. Threatening mate with Nxf8+.} Re6 (19... Nxf1 $2 20. Nxf8+ Rxf8 21. Qxg7#) 20. f5 {[%emt 0:06:29] The board is on fire.} (20. Qxe6 $16 Nxf1 21. Qf5) 20... Nxf1 $11 (20... Rxe3 $2 21. Nxf8+ Qxf8 22. Nf6+ Kh8 23. Qh5#) 21. Rxf1 $40 {[%emt 0:18:59][%cal Bc1f1,Bf1f3,Bf3f5][%mdl 160] White is up to no good.} Qg5 $2 {[%emt 0:11:22][%mdl 8192] White stays focused until the end.} 22. Qxe6 $18 Qxh5 23. Rf3 $1 cxd4 {[%emt 0:03:17] [#] aiming for ...d3.} 24. Qf7 $1 Bd6 (24... Be7 $2 25. Nxe7 Qh6 26. Rh3 (26. Nxd5 $2 {perishes.} Ne5 $19) (26. Nxd5 $2 Ne5 $19)) 25. Nf8+ {[%emt 0:09:23][%mdl 64] Discovered Attack} Rxf8 26. Qxh5+ Kg8 {[%emt 0:00:00] [#]} 27. f6 $1 {[%emt 0:08:10][%mdl 512] White is clearly winning.} Ne5 {[%emt 0:00:28] [#]} 28. Rf5 ({Not} 28. Rh3 Rxf6 29. exd4 Nf7 $16) 28... g6 29. Qg5 dxe3 30. Rxe5 Kf7 31. Rxe3 Bc5 {[%emt 0:00:01] [#]} 32. b4 $1 Bxe3+ 33. Qxe3 {[%emt 0:00:04][%mdl 4096] Endgame Qe7+ would kill now. KQ-KRB} Re8 {[%emt 0:00:03] Against Qe7+} 34. Qc3 Bc8 35. a4 Bf5 36. h3 Rd8 37. Qd4 Be6 38. g4 Rc8 39. g5 Rc1+ 40. Kf2 {[%emt 0:00:00] White wants to mate with Qe5.} Rc2+ 41. Kg3 {[%emt 0:00:42] Magnificent play by Abdusattorov!   Weighted Error Value: White=0.06 (flawless) /Black=0.36} 1-0

[Event "WR Chess Masters 2023"]
[Site "Duesseldorf"]
[Date "2023.02.17"]
[Round "2.3"]
[White "Keymer, Vincent"]
[Black "Aronian, Levon"]
[Result "1/2-1/2"]
[ECO "A36"]
[WhiteElo "2690"]
[BlackElo "2736"]
[Annotator "TA"]
[PlyCount "60"]
[EventDate "2023.02.16"]
[EventCountry "GER"]
[SourceTitle "playchess.com"]
[Source "ChessBase"]
[SourceQuality "1"]
[TimeControl "40/7200:20/3600:900+30"]

1. c4 Nf6 2. g3 c5 3. Bg2 Nc6 4. Nc3 e6 5. Bxc6 dxc6 {[%emt 0:00:19] [#]} 6. f4 $146 {[%emt 0:00:08][%cal Bf2f4,Bf4e5][%mdl 32] A36: Symmetrical English vs ...g6: 4 Bg2 Bg7.} ({Predecessor:} 6. Nf3 Bd6 7. d3 O-O 8. e4 e5 9. Be3 Ng4 10. Bd2 Nf6 11. Qb3 Bg4 12. Nh4 b6 {0-1 Bornarel,G-Gassmann,L Geneve op 1995 (8)}) 6... Bd6 7. Nf3 {[%emt 0:00:05] Repels e5} Bc7 8. d3 e5 9. fxe5 Ng4 10. Bf4 {[%emt 0:00:06] [#] Strongly threatening h3.} Qe7 $1 11. Qd2 O-O 12. Rf1 b6 13. e6 Bxe6 14. h3 Nf6 15. Ng5 h6 16. Nxe6 fxe6 17. Bxc7 Qxc7 18. Qe3 Nh5 19. Rg1 Rae8 20. O-O-O Qd6 21. Qe4 ({White should try} 21. g4 $14 Nf4 22. Kb1) 21... Nf6 $11 {[%emt 0:12:27][%cal Bh5f6,Bf6h7,Bh7f8][%mdl 32] The position is equal.} 22. Qg6 e5 23. g4 Re6 24. Rgf1 e4 25. g5 (25. Nxe4 $2 {loses.} Nxe4 26. Rxf8+ Kxf8 $19) 25... Nh7 26. Rxf8+ Nxf8 27. Qf5 exd3 28. Rxd3 Qe7 29. gxh6 Rxh6 30. Rf3 Rf6 {[%emt 0:03:00] Weighted Error Value: White=0.03 (flawless) /Black=0.03 (flawless)} 1/2-1/2

[Event "WR Chess Masters 2023"]
[Site "Duesseldorf"]
[Date "2023.02.17"]
[Round "2.4"]
[White "Duda, Jan-Krzysztof"]
[Black "Nepomniachtchi, Ian"]
[Result "1/2-1/2"]
[ECO "C42"]
[WhiteElo "2729"]
[BlackElo "2793"]
[Annotator "TA"]
[PlyCount "78"]
[EventDate "2023.02.16"]
[EventCountry "GER"]
[SourceTitle "playchess.com"]
[Source "ChessBase"]
[SourceQuality "1"]
[TimeControl "40/7200:20/3600:900+30"]

1. e4 e5 2. Nf3 Nf6 3. Nxe5 d6 4. Nf3 Nxe4 5. d4 d5 6. Bd3 Bd6 7. O-O O-O 8. c4 c6 9. Re1 Bf5 10. Qb3 Qd7 {[%emt 0:00:20] C42: Petroff Defence: 3 Nxe5 and unusual White 3rd moves.} 11. Nc3 {[%emt 0:00:42] 11.c5 might become the main line.} Nxc3 12. Bxf5 Qxf5 {[%emt 0:00:23] White has an edge.} 13. bxc3 {[%emt 0:00:18] [#] c5 would be deadly.} (13. Qxb7 {seems wilder.} Qd7 14. Qxd7 Nxd7 15. c5) 13... b6 14. Nh4 {[%emt 0:00:23] [#]} Qd7 $146 ({Predecessor:} 14... Qh5 15. g3 Nd7 16. cxd5 cxd5 17. Ng2 Rfe8 18. Bf4 Bf8 19. Ne3 Nf6 20. Kg2 Rac8 {½-½ Adams,M (2701)-Papp,G (2603) Gibraltar Masters 17th 2019 (5)}) 15. cxd5 cxd5 16. g3 Be7 {[%emt 0:04:25] [#]} 17. Rxe7 {[%emt 0:00:18][%mdl 64] Remove Defender} Qxe7 18. Ba3 {[%emt 0:00:05][%mdl 64] Deflection} (18. Qxd5 Qe1+ 19. Kg2 Qxc3 $17) 18... Qd7 19. Bxf8 Kxf8 20. Re1 Nc6 21. Qa3+ Kg8 22. Ng2 h6 23. h4 Re8 24. Rxe8+ Qxe8 $14 {[%emt 0:00:06][%mdl 4096] Endgame KQN-KQN} 25. Qd6 Qe6 26. Qc7 b5 $1 27. h5 (27. Kf1 $5 ) 27... b4 $1 {[%emt 0:04:01] The position is equal.} 28. Nf4 (28. cxb4 {is interesting.} Nxd4 29. Nh4 a6 30. a4) 28... Qe8 (28... Qe1+ 29. Kg2 Qe8 30. cxb4 $16 (30. Nxd5 $2 Qe4+ 31. Kg1 Qxd5 $19)) 29. cxb4 (29. Nxd5 $2 {is the wrong capture.} Qe1+ 30. Kg2 Qe4+ 31. Kg1 Qe1+ 32. Kg2 Qe4+ 33. Kg1 Qxd5 $19) 29... Nxd4 30. Kf1 (30. Nxd5 $2 {too greedy.} Qe1+ 31. Kg2 (31. Kh2 {is a self mate.} Qxf2+ 32. Kh3 Qf1+ 33. Kh4 Qh1+ 34. Kg4 f5+ 35. Kf4 Qe4#) 31... Qe4+ 32. Kg1 Nf3+ 33. Kg2 Nd4+ 34. Kg1 Nf3+ 35. Kg2 Qxd5 $19) 30... Ne6 31. Qxa7 {[%emt 0:13:48] Hoping for Nxe6.} Nxf4 32. gxf4 $11 {[%emt 0:00:54] KQ-KQ} Qb5+ 33. Kg2 Qxb4 34. Qa8+ Kh7 35. Qxd5 Qxf4 36. Qd3+ Kg8 37. Qd8+ Kh7 38. Qd3+ Kg8 39. Qd8+ Kh7 {[%emt 0:00:04] Weighted Error Value: White=0.02 (flawless) /Black=0.03 (flawless)} 1/2-1/2